 Dungeon Crawl Stone Soup version 0.28.0 (webtiles) character file.

Game seed: 6235974896809567879

278 themarg the Caller (level 6, -3/43 HPs)
             Began as a Merfolk Summoner on Feb 10, 2022.
             Killed from afar by an orc wizard (9 damage)
             ... with a puff of flame
             ... on level 3 of the Dungeon.
             The game lasted 00:18:59 (3908 turns).

themarg the Caller (Merfolk Summoner)               Turns: 3908, Time: 00:19:00

Health: -3/43      AC:  4    Str:  9    XL:     6   Next: 26%
Magic:  6/10       EV: 13    Int: 16    God:
Gold:   84         SH:  0    Dex: 14    Spells: 7/11 levels left

rFire   . . .      SeeInvis .   n - +7 Throatcutter {drain, coup de grace}
rCold   . . .      Faith    .   (no shield)
rNeg    . . .      Spirit   .   a - +0 robe
rPois   .          Reflect  .   (no helmet)
rElec   .          Harm     .   (no cloak)
rCorr   .          Rampage  .   (no gloves)
Will    .....                   h - +1 pair of boots
Stlth   +.........              (no amulet)
HPRegen 0.14/turn               (no ring)
MPRegen 0.12/turn               (no ring)

@: confused
A: (nimble swimmer 2), mertail
a: no special abilities


You were on level 3 of the Dungeon.
You visited 1 branch of the dungeon, and saw 3 of its levels.

You collected 84 gold pieces.

Inventory:

Hand Weapons
 n - the +7 Throatcutter (weapon) {drain, coup de grace}
   (You found it on level 2 of the Dungeon)

   A truly terrible weapon, it drains the life of any living foe it strikes.
   It may instantly kill foes which have little health.
 u - a +0 trident
Missiles
 g - 34 stones (quivered)
Armour
 a - a +0 robe (worn)
 d - a +1 chain mail of cold resistance
 h - a +1 pair of boots (worn)
Jewellery
 o - a +6 ring of strength
Wands
 q - a wand of polymorph (9)
 s - a wand of paralysis (2)
Scrolls
 e - a scroll of vulnerability {unknown}
 k - 2 scrolls of teleportation {unknown}
 m - a scroll of immolation {unknown}
 r - a scroll of enchant weapon {unknown}
 t - a scroll of fear {unknown}
Potions
 f - a potion of attraction {unknown}
 i - 3 potions of mutation {unknown}
 j - 2 potions of might {unknown}
 l - a potion of resistance {unknown}
 p - a potion of brilliance {unknown}


   Skills:
 + Level 1.6 Fighting
 + Level 2.0(2.6) Short Blades
 + Level 2.2(2.5) Long Blades
 + Level 0.9 Polearms
 + Level 3.5 Dodging
 + Level 3.0 Stealth
 + Level 3.1 Spellcasting
 + Level 5.1 Summonings


You had 7 spell levels left.
You knew the following spells:

 Your Spells              Type           Power      Damage    Failure   Level
a - Summon Small Mammal   Summ           72%        N/A       2%          1
b - Call Canine Familiar  Summ           18%        N/A       7%          3

Your spell library contained the following spells:

 Spells                   Type           Power      Damage    Failure   Level
 Call Imp                 Summ           18%        N/A       3%          2
 Magic Dart               Conj           8%         1d3       19%         1
 Summon Guardian Golem    Hex/Summ       10%        N/A       19%         3
 Searing Ray              Conj           4%         2d4       28%         2
 Summon Lightning Spire   Summ/Air       10%        N/A       54%         4
 Fulminant Prism          Conj/Hex       1%         3d6       88%         4


Dungeon Overview and Level Annotations

Branches:
Dungeon (3/15)

Altars:


Innate Abilities, Weirdness & Mutations

((You are very nimble when in or above water. (Stealth+, EV+, Speed+++)))
Your lower body shifts to a powerful aquatic tail in water.


Message History

Your hound barely misses the orc wizard.
Unknown command.
Your hound bites the orc wizard but does no damage.
The orc wizard casts a spell at you.
You are more confused.
Your hound closely misses the orc wizard.
Are you sure you want to stumble around while confused and next to your hound?
Okay, then.
You're too confused to cast spells.
Are you sure you want to stumble around while confused and next to your hound?
Okay, then.
The goblin unwields a +0 hunting sling.
The goblin wields a +0 club.
The goblin hits you but does no damage.
The orc wizard hits you but does no damage.
Your hound bites the orc wizard.
Your hound bites the orc wizard.
The orc wizard hits you but does no damage.
The goblin closely misses you.
Your hound misses the orc wizard.
The orc wizard hits you with a staff of fire.
Your hound bites the orc wizard but does no damage.
The goblin completely misses you.
Are you sure you want to stumble around while confused and next to your hound?
You closely miss the goblin.
Your hound barely misses the orc wizard.
The orc wizard hits you with a staff of fire.
* * * LOW HITPOINT WARNING * * *
The goblin misses you.
Your hound bites the orc wizard.
Are you sure you want to stumble around while confused and next to your hound?
You miss your hound.
Your hound disappears in a puff of smoke!
The orc wizard barely misses you. The goblin hits you with a +0 club.
* * * LOW HITPOINT WARNING * * *
The orc wizard barely misses you. The goblin hits you with a +0 club.
* * * LOW HITPOINT WARNING * * *
You hit the goblin.
You kill the goblin!
The orc wizard hits you but does no damage.
The orc wizard gestures at you while chanting.
The puff of flame hits you!
You die...

...#.#.........# #.#.#####
.#.............# #.#.....#
.##.<....#####.# ##..####.####
.......#.# #.# ##.....#......
.........# +.# ##.............
.........# #### #..............
.........#####..###..............
#.........................
#....###.@................
..........o.)............>.
#####.###......)...........
#..................
#######.....##..... ############


You could see an orc wizard.

Vanquished Creatures
  An orc warrior (D:3)
  A scorpion (D:2)
  An adder (D:3)
  A worm (D:3)
  4 orcs (D:3)
  A ball python (D:2)
  4 bats
  An endoplasm (D:2)
  3 giant cockroaches (D:2)
  4 goblins
  5 hobgoblins
  5 jackals
  4 quokkas
  3 kobolds
  5 rats
43 creatures vanquished.

Vanquished Creatures (collateral kills)
  An iguana (D:2)
  An adder (D:2)
  A worm (D:2)
  3 orcs (D:3)
  5 ball pythons
  2 endoplasms (D:1)
  A goblin (D:3)
  A hobgoblin (D:1)
  3 bats (D:1)
  A frilled lizard (D:2)
  4 kobolds
  3 rats
26 creatures vanquished.

Grand Total: 69 creatures vanquished

Notes
Turn   | Place    | Note
-------+----------+-------------------------------------------
     0 | D:1      | themarg the Merfolk Summoner began the quest for the Orb.
     0 | D:1      | Reached XP level 1. HP: 13/13 MP: 3/3
   536 | D:1      | Reached XP level 2. HP: 10/19 MP: 1/5
  1769 | D:2      | Reached XP level 3. HP: 21/24 MP: 3/6
  1799 | D:2      | Learned a level 3 spell: Call Canine Familiar
  2222 | D:2      | Noticed a scorpion
  2736 | D:2      | Reached skill level 1 in Short Blades
  2736 | D:2      | Reached XP level 4. HP: 31/31 MP: 7/7
  2832 | D:2      | Found the +7 Throatcutter {drain, coup de grace}
  2954 | D:2      | Killed a scorpion
  2955 | D:2      | Reached XP level 5. HP: 36/36 MP: 6/9
  3051 | D:3      | Reached skill level 1 in Fighting
  3237 | D:3      | Paralysed by an orc for 3 turns
  3242 | D:3      | Reached skill level 1 in Long Blades
  3429 | D:3      | Found a faded altar of an unknown god.
  3876 | D:3      | Noticed an orc warrior
  3890 | D:3      | Killed an orc warrior
  3891 | D:3      | Reached skill level 5 in Summonings
  3891 | D:3      | Reached XP level 6. HP: 18/43 MP: 7/10
  3908 | D:3      | Killed from afar by an orc wizard

Illustrated notes

Levels and vault maps discovered:
D:1:      amcnicky_arrival_double_pillar, layout_basic, minmay_tetromino_s2
D:2:      layout_basic, minmay_divided_ellipse
D:3:      layout_rooms, hellmonk_ecumenical_altar_lost_god, minmay_ogre_servants

Skill      XL: |  1  2  3  4  5 |
---------------+----------------+-----
Short Blades   | 1 2 |  2.0
Dodging        | 3 |  3.5
Spellcasting   | 3 |  3.1
Fighting       | 1 |  1.6
Long Blades    | 2 |  2.2
Stealth        | 3 |  3.0
Summonings     | 5 |  5.1
Polearms       | |  0.9

Action                   |  1- 3 |  4- 6 || total
-------------------------+-------+-------++-------
Melee: Dagger            |    14 |       ||    14
       Unarmed           |     2 |       ||     2
       Short sword       |    78 |       ||    78
       Punch             |     1 |     1 ||     2
       Long sword        |       |    42 ||    42
       Trident           |       |     8 ||     8
Throw: Stone             |       |     1 ||     1
 Cast: Summon Small Mamm |    39 |     3 ||    42
       Call Canine Famil |     3 |     5 ||     8
 Stab: Sleeping          |     4 |       ||     4
Armor: Robe              |    25 |    18 ||    43
Dodge: Dodged            |    90 |    50 ||   140
